 Dungeon Crawl Stone Soup version 0.20.0-10-g0535bb4 (webtiles) character file.

40322 Angani the Eclecticist (level 13, -9/103 HPs)
             Began as a Deep Elf Transmuter on June 6, 2017.
             Was the Champion of Okawaru.
             Mangled by a death yak (26 damage)
             ... on level 6 of the Lair of Beasts on June 7, 2017.
             The game lasted 01:28:03 (26308 turns).

Angani the Eclecticist (Deep Elf Transmuter)       Turns: 26308, Time: 01:28:04

Health: -9/103     AC:  9    Str:  9    XL:     13   Next: 74%
Magic:  32/34      EV: 23    Int: 22    God:    Okawaru [******]
Gold:   1049       SH:  0    Dex: 15    Spells: 27/42 levels left

rFire    x . .     SeeInvis .     - Unarmed
rCold    + + +     Gourm    .   (shield currently unavailable)
rNeg     . . .     Faith    +   (armour currently unavailable)
rPois    +         Spirit   .   (helmet currently unavailable)
rElec    .         Reflect  .   (cloak currently unavailable)
rCorr    .         Harm     .   (gloves currently unavailable)
MR       +....                  (boots currently unavailable)
Stlth    ++++......             R - amulet of faith
Regen    0.3/turn               n - ring of wizardry
MPRegen  0.3/turn               F - +2 ring of protection

@: ice-form, heroism
A: robust 2
a: End Transformation, Heroism, Finesse, Renounce Religion


You were on level 6 of the Lair of Beasts.
You worshipped Okawaru.
Okawaru was exalted by your worship.
You were not hungry.
You were a creature of crystalline ice.
You visited 3 branches of the dungeon, and saw 18 of its levels.

You collected 1049 gold pieces.

Inventory:

Missiles
 M - a throwing net (quivered)
Armour
 b - quicksilver dragon scales (melded)
 g - a +0 buckler (melded)
 r - a +2 pair of boots of running (melded)
 t - a +1 helmet (melded)
 C - a +1 cloak (melded)
Jewellery
 i - an uncursed ring of protection from magic
 n - a ring of wizardry (left front paw)
 p - an uncursed ring of see invisible
 u - an uncursed ring of wizardry
 E - an uncursed ring of positive energy
 F - a +2 ring of protection (right front paw)
 H - an uncursed ring of positive energy
 I - an uncursed ring of protection from fire
 R - an amulet of faith (around neck)
Wands
 q - a wand of acid (8/15)
 v - a wand of random effects (20/48)
 L - a wand of confusion (34/48)
 Q - a wand of confusion (21/48)
 U - a wand of clouds (1/9)
 X - a wand of disintegration (17/24)
Scrolls
 j - 7 scrolls of teleportation
 m - 5 scrolls of recharging
 A - 3 scrolls of amnesia
 B - 7 scrolls of fear
 G - a scroll of magic mapping
 W - 2 scrolls of identify
Potions
 c - 3 potions of magic
 e - 2 potions of cancellation
 f - 2 potions of haste
 k - 4 potions of curing
 o - a potion of ambrosia
 s - 6 potions of brilliance
 w - a potion of invisibility
 x - 2 potions of might
 z - 2 potions of agility
 D - 3 potions of berserk rage
 N - a potion of resistance
 O - 2 potions of flight
 P - a potion of degeneration {unknown}
 S - 3 potions of mutation
Miscellaneous
 K - a lightning rod (4/4)
Comestibles
 a - 10 royal jellies
 d - 11 bread rations
 h - 5 meat rations
 l - 11 fruits
 J - 13 chunks of flesh


   Skills:
 - Level 5.0(10.0) Fighting
 - Level 5.0(10.0) Armour
 + Level 13.9(18.9) Dodging
 - Level 5.0(10.0) Stealth
 - Level 10.0(15.0) Unarmed Combat
 - Level 15.2 Spellcasting
 - Level 9.0 Transmutations
 - Level 1.6 Ice Magic
 - Level 3.0 Poison Magic
 - Level 2.6 Invocations


You had 27 spell levels left.
You knew the following spells:

 Your Spells              Type           Power        Failure   Level  Hunger
a - Beastly Appendage     Tmut           ######       1%          1    None
b - Sticks to Snakes      Tmut           ######..     1%          2    None
c - Spider Form           Tmut/Pois      #####.....   1%          3    None
d - Ice Form              Ice/Tmut       #####...     1%          4    None
e - Blade Hands           Tmut           ######....   1%          5    ###....


Dungeon Overview and Level Annotations

Branches:
Dungeon (11/15)            Temple (1/1) D:6            Lair (6/6) D:9
 Shoals (0/4) Lair:4        Snake (0/4) Lair:3        Slime (0/5) Lair:5
    Orc (0/2) D:10

Altars:
Ashenzari
Cheibriados
Dithmenos
Elyvilon
Fedhas
Gozag
Hepliaklqana
Kikubaaqudgha
Makhleb
Nemelex Xobeh
Okawaru
Qazlal
Ru
Sif Muna
Trog
Uskayaw
Vehumet
Xom
Yredelemnul
Zin
The Shining One

Annotations:
D:3 cutslo's ghost, amateur MiFi
Lair:1 exclusions: 2 doors and 1 more exclusion
Lair:2 5 exclusions
Lair:5 exclusion: oklob plant


Innate Abilities, Weirdness & Mutations

((You have sharp fingernails.))
((You have large cloven feet.))
You are very robust. (+20% HP)
((You are resistant to electric shocks. (rElec)))


Message History

The death yak is heavily wounded.
The death yak closely misses you.
Unknown command.
You hit the death yak but do no damage.
The death yak is heavily wounded.
The death yak misses you.
Unknown command.
You barely miss the death yak.
The death yak is heavily wounded.
A water moccasin comes into view.
Unknown command.
You punch the death yak! You freeze the death yak.
The death yak is severely wounded.
The death yak completely misses you.
A death yak comes into view.
Unknown command.
You hit the death yak. You freeze the death yak.
The death yak is almost dead.
The death yak gores you!!
You die...

##P.## ..... ....
... ..# #Y# ##S#
##Y.# #Y†.# ##...#
# #..P.# # ###...##
## #####.....#
.########.......P##
♣..##....†..÷...##
.÷...†P.......###
..####....P..##


You could see 2 death yaks and a water moccasin.

Vanquished Creatures
  Harold (Lair:4)
  2 hydras
  A two-headed ogre (D:10)
  2 death yaks
  Pikel (D:4)
  2 manticores
  5 elephants
  6 black mambas
  2 gargoyles (D:10)
  A torpor snail (Lair:5)
  9 spiny frogs
  3 rime drakes
  2 komodo dragons
  2 polar bears (Lair:6)
  A troll (D:9)
  37 blink frogs
  A slime creature (Lair:5)
  5 hippogriffs
  Sigmund (D:3)
  3 basilisks
  18 yaks
  2 wyverns
  3 vampires
  3 hogs (D:7)
  A human (D:7)
  A hungry ghost (D:8)
  A vampire mosquito (D:11)
  5 nagas (Lair:3)
  A warg (D:10)
  12 water moccasins
  9 porcupines
  An orc warrior (D:8)
  5 ice beasts
  4 sky beasts
  2 phantoms
  34 wolves
  2 centaurs (D:7)
  A necrophage (D:10)
  4 ogres
  9 crocodiles
  15 bullfrogs
  2 scorpions
  3 howler monkeys
  3 bullfrog zombies
  2 crimson imps
  3 quasits
  7 hounds
  2 jellies
  A centaur skeleton (D:7)
  A gnoll shaman (D:5)
  A bullfrog skeleton (D:11)
  4 orc priests
  5 orc wizards
  Jessica (D:3)
  4 iguanas
  6 hell rats (Lair:6)
  6 worker ants
  2 hound skeletons (D:6)
  A worker ant zombie (D:9)
  Robin (D:4)
  7 adders
  10 gnolls
  A shadow imp (D:6)
  An ooze (D:1)
  2 adder zombies
  3 adder skeletons
  A worm (D:2)
  3 dart slugs (D:1)
  6 leopard geckos
  19 orcs
  A ball python (D:4)
  8 giant cockroaches
  10 goblins
  6 hobgoblins
  9 jackals
  4 kobolds
  4 quokkas
  4 bats
  6 frilled lizards
  A quokka skeleton (D:9)
  A quokka zombie (D:9)
  12 rats
  A plant (Lair:3)
395 creatures vanquished.

Vanquished Creatures (collateral kills)
  2 hydras
  2 two-headed ogres
  2 elephants
  A spiny frog (Lair:3)
  A komodo dragon (Lair:1)
  6 blink frogs
  A hippogriff (Lair:3)
  A yak (Lair:2)
  A naga (Lair:3)
  An orc warrior (D:10)
  6 ogres
  A crocodile (Lair:3)
  2 bullfrogs (Lair:5)
  2 jellies
  A worker ant (D:11)
  A hound zombie (D:5)
  A worker ant zombie (D:7)
  A gnoll (D:2)
  5 adders
  A leopard gecko (D:10)
  12 orcs
  A bat (D:2)
  A giant cockroach (D:2)
  2 jackals
  A quokka (D:2)
  A frilled lizard (D:1)
  A fungus (Lair:3)
58 creatures vanquished.

Vanquished Creatures (others)
  A scorpion (D:4)
  An orc wizard (D:4)
  An adder (D:4)
  An orc (D:4)
  2 jackals (D:4)
  A bush (Lair:6)
  27 fungi
  20 plants
54 creatures vanquished.

Grand Total: 507 creatures vanquished

Notes
Turn   | Place    | Note
-------+----------+-------------------------------------------
     0 | D:1      | Angani the Deep Elf Transmuter began the quest for the Orb.
     0 | D:1      | Reached XP level 1. HP: 11/11 MP: 6/6
   282 | D:1      | Reached XP level 2. HP: 16/16 MP: 6/8
   531 | D:1      | Learned a level 2 spell: Sticks to Snakes
   892 | D:1      | Reached XP level 3. HP: 20/20 MP: 8/10
  1032 | D:1      | Learned a level 3 spell: Spider Form
  1969 | D:2      | Reached skill level 4 in Spellcasting
  2596 | D:2      | Reached XP level 4. HP: 21/24 MP: 9/12
  3094 | D:2      | Found a stormy altar of Qazlal.
  3420 | D:3      | Reached XP level 5. HP: 11/28 MP: 10/13
  3751 | D:3      | Noticed cutslo's ghost (amateur MiFi)
  3935 | D:4      | Noticed Pikel
  3963 | D:4      | Killed Pikel
  3963 | D:4      | Reached skill level 5 in Transmutations
  3963 | D:4      | Reached XP level 6. HP: 33/33 MP: 14/14
  3963 | D:4      | Reached XP level 7. HP: 37/37 MP: 15/15
  4941 | D:3      | Noticed Robin
  4992 | D:4      | Killed Robin
  5240 | D:3      | Learned a level 4 spell: Ice Form
  5246 | D:3      | Learned a level 5 spell: Blade Hands
  5393 | D:3      | Noticed Jessica
  5401 | D:3      | Killed Jessica
  5401 | D:3      | Reached skill level 5 in Unarmed Combat
  5516 | D:3      | Noticed Sigmund
  5539 | D:3      | Killed Sigmund
  5539 | D:3      | Reached skill level 1 in Fighting
  5539 | D:3      | Reached XP level 8. HP: 38/43 MP: 10/16
  5701 | D:5      | Entered Level 5 of the Dungeon
  6340 | D:5      | Gained mutation: You tend to lose your temper in combat. [mutagenic glow]
  7410 | D:6      | Reached skill level 5 in Dodging
  7663 | D:6      | Reached XP level 9. HP: 19/50 MP: 9/17
  7672 | D:6      | Gained mutation: Your magical capacity is low. (-10% MP) [mutagenic meat]
  7673 | D:6      | Gained mutation: You have sharp fingernails. [mutagenic meat]
  7674 | D:6      | Gained mutation: Your mind is acute. (Int +2) [mutagenic meat]
  7675 | D:6      | Gained mutation: Your mind is very acute. (Int +4) [mutagenic meat]
  7677 | D:6      | Gained mutation: You are resistant to electric shocks. (rElec) [mutagenic meat]
  7886 | D:6      | Reached skill level 5 in Spellcasting
  8053 | D:6      | Reached skill level 1 in Armour
  8149 | D:6      | Gained mutation: You are resistant to hostile enchantments. (MR+) [mutagenic meat]
  8150 | D:6      | Gained mutation: Your spells are a little easier to cast, but a little less powerful. [mutagenic meat]
  8152 | D:6      | Lost mutation: Your spells are a little easier to cast, but a little less powerful. [mutagenic meat]
  8153 | D:6      | Lost mutation: Your magical capacity is low. (-10% MP) [mutagenic meat]
  8198 | D:6      | Found a staircase to the Ecumenical Temple.
  8211 | Temple   | Entered the Ecumenical Temple
  8298 | Temple   | Became a worshipper of Warmaster Okawaru
  8466 | D:6      | Found a glowing golden altar of the Shining One.
  8469 | D:6      | Found a shimmering altar of Xom.
  8472 | D:6      | Found a sparkling altar of Nemelex Xobeh.
  8543 | D:7      | Reached skill level 6 in Spellcasting
  8706 | D:7      | Found a sacrificial altar of Ru.
  8982 | D:7      | Reached skill level 7 in Spellcasting
  8986 | D:7      | Reached * piety under Okawaru
  8994 | D:7      | Reached skill level 8 in Spellcasting
  9447 | D:8      | Noticed a two-headed ogre
  9456 | D:8      | Killed a two-headed ogre
  9456 | D:8      | Reached ** piety under Okawaru
  9456 | D:8      | Reached skill level 9 in Spellcasting
  9456 | D:8      | Reached XP level 10. HP: 58/58 MP: 20/25
  9984 | D:8      | Reached skill level 5 in Fighting
 10208 | D:8      | Found an iron altar of Okawaru.
 10369 | D:9      | Reached *** piety under Okawaru
 10369 | D:9      | Reached skill level 1 in Invocations
 10389 | D:9      | Reached skill level 10 in Spellcasting
 10818 | D:9      | Reached skill level 11 in Spellcasting
 10932 | D:9      | Found a staircase to the Lair.
 11402 | D:9      | Noticed a manticore
 11413 | D:9      | Killed a manticore
 11413 | D:9      | Reached **** piety under Okawaru
 11413 | D:9      | Reached skill level 1 in Ice Magic
 11547 | D:10     | Entered Level 10 of the Dungeon
 11580 | D:10     | Noticed a two-headed ogre
 11589 | D:10     | Killed a two-headed ogre
 11677 | D:10     | Reached skill level 12 in Spellcasting
 12070 | D:10     | Found a staircase to the Orcish Mines.
 12512 | D:10     | Noticed a gargoyle
 12519 | D:10     | Killed a gargoyle
 12519 | D:10     | Reached skill level 5 in Armour
 12519 | D:10     | Reached XP level 11. HP: 28/63 MP: 24/29
 12718 | D:10     | Reached ***** piety under Okawaru
 12718 | D:10     | Reached skill level 1 in Stealth
 13171 | D:11     | Reached skill level 13 in Spellcasting
 13451 | D:11     | Noticed a two-headed ogre
 13466 | D:11     | Killed a two-headed ogre
 13524 | D:11     | Noticed a tengu warrior
 13526 | D:11     | Noticed a frost giant
 13711 | D:11     | Noticed an ettin
 13732 | D:11     | HP: 3/63 [ettin/dire flail (28)]
 14134 | Lair:1   | Entered Level 1 of the Lair of Beasts
 14418 | Lair:1   | Received a gift from Okawaru
 14639 | Lair:1   | Reached skill level 14 in Spellcasting
 14792 | Lair:1   | Reached skill level 5 in Stealth
 15424 | Lair:1   | Noticed a seven-headed hydra
 16639 | Lair:2   | Reached skill level 15 in Spellcasting
 16673 | Lair:2   | Lost mutation: You tend to lose your temper in combat. [potion of mutation]
 16673 | Lair:2   | Lost mutation: Your mind is very acute. (Int +4) [potion of mutation]
 16673 | Lair:2   | Lost mutation: Your mind is acute. (Int +2) [potion of mutation]
 16673 | Lair:2   | Gained mutation: Your flesh is cold resistant. (rC+) [potion of mutation]
 16673 | Lair:2   | Gained mutation: Scrolls take you a little longer to read. [potion of mutation]
 16673 | Lair:2   | Gained mutation: You have sharp toenails. [potion of mutation]
 16674 | Lair:2   | Lost mutation: You are resistant to hostile enchantments. (MR+) [potion of mutation]
 16674 | Lair:2   | Lost mutation: Scrolls take you a little longer to read. [potion of mutation]
 16674 | Lair:2   | Lost mutation: Your flesh is cold resistant. (rC+) [potion of mutation]
 16674 | Lair:2   | Lost mutation: You have sharp toenails. [potion of mutation]
 16674 | Lair:2   | Gained mutation: You are robust. (+10% HP) [potion of mutation]
 16674 | Lair:2   | Gained mutation: You are very robust. (+20% HP) [potion of mutation]
 16674 | Lair:2   | Gained mutation: You have large cloven feet. [potion of mutation]
 18165 | Lair:3   | Reached XP level 12. HP: 45/81 MP: 33/33
 18698 | Lair:3   | Reached skill level 10 in Dodging
 18999 | Lair:3   | Reached ****** piety under Okawaru
 19102 | Lair:3   | Found a staircase to the Snake Pit.
 20270 | Lair:4   | Noticed a four-headed hydra
 20277 | Lair:4   | Killed a four-headed hydra
 20428 | Lair:4   | Received a gift from Okawaru
 21023 | Lair:4   | Found a staircase to the Shoals.
 21040 | Lair:4   | Noticed Harold
 21065 | Lair:4   | Killed Harold
 21874 | Lair:4   | Got a shimmering buckler
 21885 | Lair:4   | Identified the cursed +0 buckler of the Moon {rPois Regen+ Dex+4 Slay-3} (You found it on level 4 of the Lair of Beasts)
 22113 | Lair:5   | Noticed a death yak
 22130 | Lair:5   | Killed a death yak
 22130 | Lair:5   | Reached XP level 13. HP: 86/86 MP: 25/34
 22314 | Lair:5   | Found a staircase to the Slime Pits.
 22967 | Lair:5   | Found a runed door.
 23707 | Lair:6   | Entered Level 6 of the Lair of Beasts
 23739 | Lair:6   | Reached skill level 10 in Unarmed Combat
 24243 | Lair:5   | Received a gift from Okawaru
 25593 | Lair:6   | Received a gift from Okawaru
 25691 | Lair:6   | Identified a +2 pair of boots of running (Okawaru gifted it to you on level 6 of the Lair of Beasts)
 26308 | Lair:6   | Mangled by a death yak

Skill      XL: |  1  2  3  4  5  6  7  8  9 10 11 12 13 |
---------------+----------------------------------------+-----
Transmutations | 3 4 5 6 9 |  9.0
Spellcasting   | 4 9 12 15 | 15.2
Unarmed Combat | 3 4 5 9 10 | 10.0
Poison Magic   | 2 3 |  3.0
Fighting       | 1 3 4 5 |  5.0
Dodging        | 3 5 8 10 13 | 13.9
Armour         | 3 5 |  5.0
Invocations    | 2 |  2.6
Ice Magic      | 1 |  1.6
Stealth        | 5 |  5.0

Action                   |  1- 3 |  4- 6 |  7- 9 | 10-12 | 13-15 || total
-------------------------+-------+-------+-------+-------+-------++-------
Melee: Unarmed           |   204 |   111 |   538 |   771 |   329 ||  1953
       Kick              |    25 |       |     5 |       |       ||    30
       Headbutt          |    10 |     2 |     5 |       |       ||    17
       Punch             |     1 |       |    14 |    18 |     3 ||    36
Throw: Throwing net      |       |       |       |     1 |       ||     1
 Cast: Beastly Appendage |    31 |     8 |     4 |       |       ||    43
       Sticks to Snakes  |     7 |     5 |    13 |    47 |     6 ||    78
       Spider Form       |       |     1 |    11 |     1 |       ||    13
       Blade Hands       |       |       |     9 |    68 |    13 ||    90
       Ice Form          |       |       |       |     9 |    18 ||    27
Invok: Heroism           |       |       |       |    11 |     9 ||    20
 Abil: End Transformatio |       |     1 |     1 |     3 |     1 ||     6
Evoke: Wand              |       |       |       |       |     2 ||     2
  Use: Scroll            |       |     4 |    10 |    14 |     3 ||    31
       Potion            |       |     2 |     1 |     7 |     4 ||    14
 Stab: Distracted        |       |       |       |     6 |     4 ||    10
       Sleeping          |       |       |       |     2 |       ||     2
  Eat: Chunk             |     6 |     4 |    34 |    39 |    12 ||    95
       Fruit             |       |       |       |    10 |     4 ||    14
Armor: Quicksilver drago |    95 |    37 |   167 |   233 |    41 ||   573
       Leather armour    |     5 |       |       |       |       ||     5
       Skin              |       |    11 |     5 |    12 |    30 ||    58
Dodge: Dodged            |   106 |    45 |   265 |   386 |   271 ||  1073
Block: Other             |    41 |    16 |    87 |    85 |       ||   229
       Reflection        |     1 |       |     1 |       |       ||     2
       Buckler           |       |       |       |     1 |     4 ||     5
